 Dungeon Crawl Stone Soup version 0.21-a0-142-gdd972a7 (webtiles) character file.

1419 KarmaPolice the Vandal (level 9, -1/62 HPs)
             Began as a Halfling Skald on May 6, 2017.
             Was a Follower of Okawaru.
             Killed from afar by Dowan (2 damage)
             ... with a puff of frost
             ... on level 6 of the Dungeon on July 24, 2017.
             The game lasted 00:39:46 (9152 turns).

KarmaPolice the Vandal (Halfling Skald)             Turns: 9152, Time: 00:39:46

Health: -1/62      AC:  6    Str: 12    XL:     9   Next: 2%
Magic:  12/12      EV: 14    Int: 11    God:    Okawaru [*.....]
Gold:   336        SH:  0    Dex: 17    Spells: 6/12 levels left

rFire    . . .     SeeInvis .   F - +2 dagger (venom)
rCold    . . .     Gourm    .   (shield restricted)
rNeg     . . .     Faith    .   b - +0 leather armour
rPois    .         Spirit   .   (no helmet)
rElec    .         Reflect  .   (no cloak)
rCorr    .         Harm     .   (no gloves)
MR       .....                  g - +2 pair of boots
Stlth    +.........             (no amulet)
HPRegen  0.20/turn              (no ring)
MPRegen  0.13/turn              (no ring)

@: drained
A: mutation resistance 1
a: Heroism, Renounce Religion


You were on level 6 of the Dungeon.
You worshipped Okawaru.
Okawaru was aware of your devotion.
You were not hungry.

You visited 2 branches of the dungeon, and saw 7 of its levels.

You collected 336 gold pieces.

Inventory:

Hand Weapons
 a - a +0 falchion
 k - a +2 hunting sling of freezing
 F - a +2 dagger of venom (weapon)
Missiles
 v - 20 stones (quivered)
Armour
 b - a +0 leather armour (worn)
 g - a +2 pair of boots (worn)
Scrolls
 e - a scroll of amnesia {unknown}
 h - 2 scrolls of identify {unknown}
 m - 2 scrolls of magic mapping {unknown}
 p - 5 scrolls of remove curse
 u - 3 scrolls of teleportation
 w - a scroll of immolation {unknown}
 y - a scroll of enchant armour {unknown}
 A - a scroll of random uselessness {unknown}
 B - a scroll of vulnerability {unknown}
Potions
 d - a potion of degeneration {unknown}
 f - a potion of invisibility {unknown}
 i - a potion of agility {unknown}
 j - a potion of might {unknown}
 l - 2 potions of flight {unknown}
 r - 2 potions of heal wounds {unknown}
 s - a potion of curing {unknown}
 t - a potion of ambrosia {unknown}
 x - 2 potions of brilliance {unknown}
 z - a potion of cancellation {unknown}
 D - a potion of magic {unknown}
Books
 c - a book of Battle

   Spells                             Type                      Level
   a - Infusion                       Charms                       1
   b - Shroud of Golubria             Charms/Translocation         2
   c - Song of Slaying                Charms                       2
   d - Spectral Weapon                Hexes/Charms                 3
   e - Regeneration                   Charms/Necromancy            3
Comestibles
 n - 4 bread rations
 o - 3 fruits
 q - a meat ration
 C - 10 chunks of flesh
 E - a royal jelly


   Skills:
 + Level 5.8(4.9) Fighting
 + Level 2.4(3.2) Short Blades
 - Level 4.2(3.6) Long Blades
 + Level 7.9(7.0) Slings
 - Level 1.1(0.3) Armour
 - Level 2.1(1.3) Dodging
 - Level 2.0(1.2) Spellcasting
 - Level 4.0(3.2) Charms
 - Level 1.2(0.4) Translocations
 + Level 2.9(2.1) Invocations


You had 6 spell levels left.
You knew the following spells:

 Your Spells              Type           Power        Failure   Level  Hunger
a - Infusion              Chrm           #...         11%         1    ##.....
b - Shroud of Golubria    Chrm/Tloc      #.........   28%         2    ###....
c - Regeneration          Chrm/Necr      #.........   54%         3    ####...


Dungeon Overview and Level Annotations

Branches:
Dungeon (6/15)             Temple (1/1) D:5

Altars:
Ashenzari
Dithmenos
Fedhas
Gozag
Hepliaklqana
Kikubaaqudgha
Makhleb
Nemelex Xobeh
Okawaru
Qazlal
Ru
Sif Muna
Trog
Uskayaw
Wu Jian
Yredelemnul
Zin
The Shining One

Annotations:
D:3 Edmund
D:6 Dowan, Duvessa


Innate Abilities, Weirdness & Mutations

You are small and have problems with some larger weapons.
You are somewhat resistant to further mutation.


Message History

Number of times to repeat, then command key: You must enter the number of times for the command to repeat.
The wight closely misses you. The phantom hits you.
The wight hits you but does no damage.
You see here an arbalest.
The wight hits you with an enchanted spear.
* * * LOW HITPOINT WARNING * * *
You feel drained.
* * * LOW HITPOINT WARNING * * *
The phantom hits you.
* * * LOW HITPOINT WARNING * * *
The phantom blinks!
The wight misses you. Duvessa hits you with a rapier!
* * * LOW HITPOINT WARNING * * *
The wight hits you with a short sword.
* * * LOW HITPOINT WARNING * * *
Dowan casts a spell at you. The puff of frost hits you!
You die...

#..e.# #. ..# #.......
#....# #. .(###......# .
#....# #(#...##......###..
#....# #..#..##...........
#....######(#..##...>.......
#......e...(...##...........
###....).(..#.###..<......(.
#......z.......###)##....
#...W...e@..##.# #[#.. #
#......z!..>...###÷#.#####
#......(.(%##......#......
#.......(#.##.####.÷......
............#.##.# #........
##########....##.# #........
#######.####........
#....#........
####.##.......


You could see a phantom, Duvessa, Dowan and 2 wights.

Vanquished Creatures
  A water moccasin (D:6)
  2 ogres (D:5)
  A necrophage (D:5)
  A centaur (D:5)
  Blork the orc (D:5)
  2 bullfrogs
  A crimson imp (D:6)
  2 jellies
  2 orc priests
  4 hounds
  A bullfrog skeleton (D:4)
  4 orc wizards
  An iguana (D:5)
  2 worker ants (D:5)
  7 gnolls
  11 adders
  An ooze (D:4)
  2 adder skeletons (D:4)
  An adder zombie (D:6)
  4 worms
  2 dart slugs
  7 leopard geckos
  12 orcs
  5 giant cockroaches
  6 hobgoblins
  4 jackals
  2 kobolds
  5 quokkas
  6 ball pythons
  8 bats
  7 frilled lizards
  3 goblins
  A leopard gecko skeleton (D:4)
  7 rats
126 creatures vanquished.

Notes
Turn   | Place    | Note
-------+----------+-------------------------------------------
     0 | D:1      | KarmaPolice the Halfling Skald began the quest for the Orb.
     0 | D:1      | Reached XP level 1. HP: 14/14 MP: 3/3
   387 | D:1      | Reached XP level 2. HP: 10/19 MP: 4/4
   435 | D:1      | Learned a level 2 spell: Shroud of Golubria
  1401 | D:2      | Reached XP level 3. HP: 16/24 MP: 0/6
  1983 | D:2      | Reached XP level 4. HP: 28/30 MP: 7/7
  2253 | D:2      | Reached skill level 1 in Slings
  2447 | D:1      | Upgraded the game from 0.20-a0-1114-g33edf32 to 0.20-a0-1116-gaa52201
  2468 | D:2      | Reached XP level 5. HP: 7/35 MP: 3/8
  3240 | D:3      | Reached skill level 2 in Slings
  3885 | D:5      | Entered Level 5 of the Dungeon
  3885 | D:5      | Noticed Blork the orc
  3889 | D:4      | Found a blossoming altar of Fedhas.
  3893 | D:5      | Noticed Edmund
  3951 | D:4      | Reached XP level 6. HP: 32/42 MP: 9/9
  4413 | D:4      | Reached skill level 3 in Slings
  4444 | D:4      | Found an opulent altar of Gozag.
  4837 | D:4      | Upgraded the game from 0.20-a0-1116-gaa52201 to 0.20-a0-1121-gbb42413
  5531 | D:5      | Reached skill level 4 in Slings
  5531 | D:5      | Reached XP level 7. HP: 25/48 MP: 10/10
  6158 | D:4      | Upgraded the game from 0.20-a0-1121-gbb42413 to 0.20-a0-1122-gb7cbeb9
  6271 | D:5      | Learned a level 3 spell: Regeneration
  6309 | D:5      | Upgraded the game from 0.20-a0-1122-gb7cbeb9 to 0.20-a0-1124-g2e29d97
  6424 | D:5      | Killed Blork the orc
  6424 | D:5      | Reached skill level 1 in Translocations
  6698 | D:5      | Upgraded the game from 0.20-a0-1124-g2e29d97 to 0.20-a0-1126-g0f15420
  6866 | D:5      | Found a sacrificial altar of Ru.
  6882 | D:5      | Reached skill level 5 in Slings
  6964 | D:5      | Reached XP level 8. HP: 53/54 MP: 11/11
  7302 | D:5      | Reached skill level 5 in Fighting
  7302 | D:5      | Reached skill level 6 in Slings
  7439 | D:5      | Found a staircase to the Ecumenical Temple.
  7447 | Temple   | Entered the Ecumenical Temple
  7566 | Temple   | Became a worshipper of Warmaster Okawaru
  7826 | D:5      | Reached skill level 1 in Invocations
  7936 | D:6      | Found a deep blue altar of Sif Muna.
  8095 | D:5      | Upgraded the game from 0.20-a0-1126-g0f15420 to 0.21-a0-140-g479285b
  8146 | D:6      | Reached skill level 7 in Slings
  8645 | D:5      | Reached skill level 1 in Short Blades
  8999 | D:6      | Found a shattered altar of Ashenzari.
  9020 | D:6      | Upgraded the game from 0.21-a0-140-g479285b to 0.21-a0-142-gdd972a7
  9057 | D:6      | Reached * piety under Okawaru
  9072 | D:6      | Reached XP level 9. HP: 56/62 MP: 12/12
  9142 | D:6      | Noticed Dowan
  9143 | D:6      | Noticed Duvessa
  9151 | D:6      | HP: 2/62 [Duvessa/rapier (8)]
  9152 | D:6      | Killed from afar by Dowan

Vault maps used:
D:1:      saegor_arrival_simple_b
D:4:      nicolae_overflow_crystal_walls, lemuel_coloured_pillars_altar,
          minmay_unequal
D:5:      lemuel_doored_altar, minmay_temple_entry_nine_rooms, first_bread,
          uniq_edmund, uniq_blork_the_orc
D:6:      overflow_temple_1_default, basic_altar, portal_sewer_entry_c,
          uniq_duvessa
Temple:   zaba_magenta_temple

Skill      XL: |  1  2  3  4  5  6  7  8 |
---------------+-------------------------+-----
Fighting       | 2 3 4 5 |  5.8
Spellcasting   | 2 |  2.0
Slings         | 1 2 4 5 7 |  7.9
Charms         | 4 |  4.0
Long Blades    | 3 4 |  4.2
Translocations | 1 |  1.2
Invocations    | 2 |  2.9
Short Blades   | 2 |  2.4
Armour         | |  1.1
Dodging        | |  2.1

Action                   |  1- 3 |  4- 6 |  7- 9 || total
-------------------------+-------+-------+-------++-------
Melee: Falchion          |    90 |   241 |    83 ||   414
       Hunting sling     |       |       |     1 ||     1
       Dagger            |       |       |    75 ||    75
 Fire: Hunting sling     |       |    24 |   126 ||   150
 Cast: Infusion          |     4 |     9 |     1 ||    14
       Shroud of Golubri |     2 |     2 |     1 ||     5
  Use: Scroll            |       |     1 |     1 ||     2
 Stab: Sleeping          |       |     1 |       ||     1
       Distracted        |       |       |     1 ||     1
  Eat: Chunk             |     1 |     9 |    13 ||    23
       Bread ration      |     1 |       |       ||     1
Armor: Leather armour    |    20 |    77 |    44 ||   141
Dodge: Dodged            |    74 |   227 |   132 ||   433
       Rpst.: Falchion   |    18 |    71 |    14 ||   103
